 Dungeon Sprint DCSS version 0.17-a0-1450-g7e755d1 (webtiles) character file.

4234 shklvsk the Corrupter of Planes (level 10, -5/76 HPs)
             Began as a Demonspawn Abyssal Knight on June 30, 2015.
             Was the Champion of Lugonu.
             Slain by a catoblepas (11 damage)
             ... in the Dungeon (Sprint IX: "|||||||||||||||||||||||||||||").
             The game lasted 00:06:25 (1403 turns).

shklvsk the Corrupter of Planes (DsAK)              Turns: 1403, Time: 00:06:25

Health: -5/76      AC: 15    Str: 13    XL:     10   Next: 9%
Magic:  20/20      EV:  2    Int: 14    God:    Lugonu [******]
Gold:   0          SH:  0    Dex: 15    Spells: 0 memorised, 9 levels left

rFire  + . .     SeeInvis .     a - +1 falchion
rCold  . . .     Clarity  .     w - +0 scale mail "Heonodeu" {-Tele rPois rF+}
rNeg   + + +     SustAt   .     (no shield)
rPois  ∞         Gourm    .     (helmet restricted)
rElec  .         Spirit   .     (no cloak)
rCorr  .         Warding  .     p - +0 pair of gloves
rMut   .         NoTele   +     (no boots)
MR     .....                    (no amulet)
Stlth  +.........               r - +2 ring of evasion
                                b - +2 ring of protection

@: petrified, not resistant to hostile enchantments, very unstealthy
A: antennae 2, thin metallic scales 2, powered by death 1, spiny 1
a: Bend Space, Banish, Corrupt, Renounce Religion


You were in the Dungeon.
You worshipped Lugonu.
Lugonu was exalted by your worship.
You were near starving.

You visited 1 branch

Inventory:

Hand weapons
 a - a +1 falchion (weapon)
 m - a +2 scimitar of holy wrath
 n - a +2 dire flail of protection
 s - a cursed -3 shortbow
Missiles
 t - 7 arrows of flame
Armour
 o - a +0 helmet
 p - a +0 pair of gloves (worn)
 q - a +2 ring mail
 w - the +0 scale mail "Heonodeu" (worn) {-Tele rPois rF+}
   (You found it in the Dungeon)

   It protects you from fire.
   It protects you from poison.
   It prevents most forms of teleportation.
Jewellery
 b - a +2 ring of protection (left hand)
 r - a +2 ring of evasion (right hand)
Magical devices
 l - a wand of draining (0)
Scrolls
 i - 3 scrolls of blinking
 j - 3 scrolls of remove curse
 k - 3 scrolls of amnesia
 x - 3 scrolls of fog
 y - a scroll of fear
Potions
 d - a potion of invisibility
 e - 2 potions of heal wounds
 f - a potion of haste
 g - 4 potions of magic
 h - 8 potions of curing
 u - a potion of berserk rage
 v - a potion of cure mutation
Comestibles
 c - a bread ration


   Skills:
 + Level 5.8 Fighting
 * Level 13.1 Long Blades
 + Level 10.1 Armour
 + Level 8.1 Dodging
 + Level 1.8 Stealth
 + Level 13.6 Invocations
 * Level 5.1 Evocations


You had 9 spell levels left.
You didn't know any spells.

Dungeon Overview and Level Annotations

Branches:
Dungeon (1/1)

Altars:
Cheibriados
Dithmenos
Elyvilon
Fedhas
Gozag
Kikubaaqudgha
Makhleb
Nemelex Xobeh
Okawaru
Qazlal
Ru
Sif Muna
Trog
Vehumet
Xom
Yredelemnul
Zin
The Shining One
Beogh
Jiyva
Lugonu


Innate Abilities, Weirdness & Mutations

You have a pair of antennae on your head.
You are mostly covered in thin metallic scales (AC +3).
You regenerate a little health from kills.
You are partially covered in sharp spines.


Message History

The catoblepas gores you but does no damage.
The death yak is engulfed in calcifying dust.
You have turned to stone.
You are engulfed in calcifying dust.
The catoblepas gores you! The catoblepas gores you!!
The catoblepas breathes in.
The catoblepas gores you!
The catoblepas gores you but does no damage.
The death yak is no longer petrified.
The catoblepas gores you. The death yak gores you!! The catoblepas gores you!!
* * * LOW HITPOINT WARNING * * *
The death yak gores you!!
* * * LOW HITPOINT WARNING * * *
The catoblepas gores you!
* * * LOW HITPOINT WARNING * * *
The death yak is struck by your spines.
The death yak gores you but does no damage.
The catoblepas gores you!!
You die...

▓▓▓▓▓▓▓▓▓▓▓▓▓▓▓▓▓▓
.....'†.....'..YY▓
▓▓▓▓▓▓▓▓▓▓▓▓▓▓▓▓@▓
.................▓
▓▓▓▓▓▓▓▓▓▓▓▓▓▓▓▓▓▓
{


You could see a death yak and a catoblepas.

Vanquished Creatures
  2 death yaks (D)
  A black mamba (D)
  A wyvern (D)
  3 yaks (D)
  3 hippogriffs (D)
  A centaur (D)
  4 giant frogs (D)
  2 sheep (D)
  2 river rats (D)
  A gnoll (D)
  A shadow imp (D)
  An orc (D)
  A bat skeleton (D)
  A bat zombie (D)
  2 goblins (D)
  A hobgoblin (D)
  A quokka (D)
  A giant cockroach zombie (D)
  A giant newt (D)
  A jackal skeleton (D)
  2 kobolds (D)
  A quokka skeleton (D)
  2 rats (D)
36 creatures vanquished.

Vanquished Creatures (others)
  A hydra (D)
  A hill giant (D)
  A black mamba (D)
  2 spiny frogs (D)
  A troll (D)
6 creatures vanquished.

Grand Total: 42 creatures vanquished

Notes
Turn   | Place    | Note
--------------------------------------------------------------
     0 | D        | shklvsk the Demonspawn Abyssal Knight began the quest for the Orb.
     0 | D        | Reached XP level 1. HP: 18/18 MP: 2/2
    15 | D        | Acquired Lugonu's second power
    15 | D        | Reached skill level 1 in Dodging
    15 | D        | Gained mutation: You are partially covered in sharp spines. [demonic ancestry]
    15 | D        | Reached XP level 2. HP: 16/24 MP: 2/4
   162 | D        | Acquired Lugonu's third power
   168 | D        | Acquired Lugonu's fourth power
   168 | D        | Reached skill level 4 in Invocations
   254 | D        | Found a glowing silver altar of Zin.
   254 | D        | Found a glowing golden altar of the Shining One.
   254 | D        | Found an ancient bone altar of Kikubaaqudgha.
   254 | D        | Found a basalt altar of Yredelemnul.
   254 | D        | Found a shimmering altar of Xom.
   254 | D        | Found a radiant altar of Vehumet.
   255 | D        | Found an iron altar of Okawaru.
   256 | D        | Found a burning altar of Makhleb.
   257 | D        | Found a deep blue altar of Sif Muna.
   258 | D        | Found a bloodstained altar of Trog.
   259 | D        | Found a sparkling altar of Nemelex Xobeh.
   260 | D        | Found a white marble altar of Elyvilon.
   261 | D        | Found a roughly hewn altar of Beogh.
   262 | D        | Found a viscous altar of Jiyva.
   263 | D        | Found a corrupted altar of Lugonu.
   264 | D        | Found a blossoming altar of Fedhas.
   265 | D        | Found a snail-covered altar of Cheibriados.
   266 | D        | Found a shadowy altar of Dithmenos.
   267 | D        | Found a stormy altar of Qazlal.
   268 | D        | Found an opulent altar of Gozag.
   269 | D        | Found a sacrificial altar of Ru.
   341 | D        | Noticed a hill giant
   341 | D        | Noticed a giant frog
   343 | D        | Gained mutation: You are partially covered in thin metallic scales (AC +2). [demonic ancestry]
   343 | D        | Reached XP level 3. HP: 29/29 MP: 6/6
   344 | D        | Banished a hill giant
   344 | D        | Reached skill level 7 in Long Blades
   344 | D        | Reached skill level 5 in Armour
   344 | D        | Reached XP level 4. HP: 35/35 MP: 6/9
   344 | D        | Reached XP level 5. HP: 41/41 MP: 6/10
   349 | D        | Killed a giant frog
   349 | D        | Reached skill level 8 in Long Blades
   349 | D        | Reached XP level 6. HP: 43/47 MP: 2/11
   351 | D        | Acquired Lugonu's fifth power
   423 | D        | Noticed a troll
   423 | D        | Noticed a hippogriff
   423 | D        | Noticed a centaur
   426 | D        | Banished a troll
   436 | D        | Killed a hippogriff
   436 | D        | Reached skill level 9 in Long Blades
   436 | D        | Reached skill level 1 in Stealth
   436 | D        | Gained mutation: You have a pair of small antennae on your head. [demonic ancestry]
   436 | D        | Reached XP level 7. HP: 38/52 MP: 4/14
   452 | D        | Killed a centaur
   618 | D        | Got the +0 scale mail "Heonodeu" {-Tele rPois rF+}
   641 | D        | Noticed a spiny frog
   641 | D        | Noticed a black mamba
   641 | D        | Noticed a hippogriff
   641 | D        | Noticed a hippogriff
   643 | D        | Banished a spiny frog
   643 | D        | Reached skill level 10 in Long Blades
   643 | D        | Reached skill level 5 in Dodging
   643 | D        | Reached skill level 10 in Invocations
   644 | D        | Banished a black mamba
   649 | D        | Noticed a giant frog
   651 | D        | Noticed a giant frog
   653 | D        | Killed a hippogriff
   653 | D        | Reached skill level 11 in Invocations
   653 | D        | Gained mutation: You regenerate a little health from kills. [demonic ancestry]
   653 | D        | Reached XP level 8. HP: 21/58 MP: 7/16
   660 | D        | Killed a hippogriff
   673 | D        | Killed a giant frog
   676 | D        | Killed a giant frog
   721 | D        | Noticed a yak
   721 | D        | Noticed a yak
   721 | D        | Noticed a black mamba
   721 | D        | Noticed a wyvern
   721 | D        | Noticed a giant frog
   727 | D        | Noticed a spiny frog
   731 | D        | Killed a yak
   731 | D        | Reached skill level 12 in Invocations
   740 | D        | Killed a yak
   740 | D        | Reached skill level 1 in Evocations
   742 | D        | Noticed an eight-headed hydra
   753 | D        | Killed a black mamba
   753 | D        | Gained mutation: You are mostly covered in thin metallic scales (AC +3). [demonic ancestry]
   753 | D        | Reached XP level 9. HP: 48/65 MP: 18/18
   754 | D        | Banished an eight-headed hydra
   763 | D        | Killed a wyvern
   766 | D        | Killed a giant frog
   780 | D        | Banished a spiny frog
   780 | D        | Reached skill level 13 in Invocations
  1039 | D        | Noticed a yak
  1051 | D        | Killed a yak
  1062 | D        | Noticed a yak
  1062 | D        | Noticed a death yak
  1062 | D        | Noticed a yak
  1062 | D        | Noticed a death yak
  1062 | D        | Noticed a death yak
  1062 | D        | Noticed a catoblepas
  1122 | D        | Killed a death yak
  1122 | D        | Reached skill level 5 in Fighting
  1126 | D        | Killed a death yak
  1126 | D        | Reached skill level 10 in Armour
  1126 | D        | Reached skill level 5 in Evocations
  1126 | D        | Gained mutation: You have a pair of antennae on your head. [demonic ancestry]
  1126 | D        | Reached XP level 10. HP: 24/76 MP: 18/20
  1310 | D        | Noticed a death yak
  1403 | D        | Slain by a catoblepas

Vault maps used:
D:        linesprint

Action                   |  1- 3 |  4- 6 |  7- 9 | 10-12 || total
-------------------------+-------+-------+-------+-------++-------
Melee: Falchion          |    27 |    16 |   116 |    11 ||   170
Invok: Banish            |       |     3 |     4 |       ||     7
       Bend Space        |       |       |       |     1 ||     1
Evoke: Wand              |       |       |     6 |     1 ||     7
  Use: Potion            |     3 |       |       |       ||     3
 Stab: Petrifying        |       |       |       |     2 ||     2
  Eat: Chunk             |       |       |     3 |       ||     3
